Cogmind - Beta 14 @@@ ROGUE MODE // 2025.05.04 @ 16:16:55 Player: DGSTER Result: Self-destructed Performance ------------- Evolutions (2) 1000 Regions Visited (4) 800 Robots Destroyed (24) 120 Value Destroyed (501) 501 Prototype IDs (0) 0 Alien Tech Used (0) 0 Bonus (0) 0 TOTAL SCORE: 2421 Bonus ------- None Cogmind --------- Core Integrity 550/550 Matter 230/300 Energy 265/265 System Corruption 0% Temperature Cool (4) Movement Treading (160) Location -8/Materials Parts ------- > --- POWER (1) -------- Improved Ion Engine > --- PROPULSION (3) --- Light Treads Light Treads Light Treads > --- UTILITY (5) ------ Large Storage Unit Structural Scanner Improved Targeting Computer Light Armor Plating > --- WEAPON (2) ------- Light Cannon Mini Grenade Launcher > --- INVENTORY (15) --- Light Ion Engine Aluminum Leg Aluminum Leg Large Storage Unit Beam Rifle Particle Gun Peak State ------------ > --- POWER ------------ Light Ion Engine > --- PROPULSION ------- Light Treads Light Treads Light Treads > --- UTILITY ---------- Large Storage Unit Structural Scanner Improved Targeting Computer Light Armor Plating > --- WEAPON ----------- Light Cannon Mini Grenade Launcher > --- INVENTORY -------- Improved Ion Engine Light Treads Aluminum Leg Aluminum Leg Large Storage Unit Beam Rifle Particle Gun [Rating: 13] Favorites ----------- Power Light Ion Engine Engine Light Ion Engine Propulsion Light Treads Treads Light Treads Utility Structural Scanner Device Structural Scanner Storage Large Storage Unit Processor Improved Targeting Computer Protection Light Armor Plating Weapon Light Assault Rifle Ballistic Gun Light Assault Rifle Ballistic Cannon Light Cannon Launcher Mini Grenade Launcher Build | -11 -10 -9 -9 -8 ------- Run | Yrd Mat Mat Min Mat Slots Evolved 4 | . . 2 . 2 Power . | . . . . . Propulsion 1 | . . . . 1 Utility 3 | . . 2 . 1 Weapon . | . . . . . Parts Attached 20 | 6 2 3 6 3 Power 4 | 1 1 . 1 1 Engine 4 | 1 1 . 1 1 Core . | . . . . . Reactor . | . . . . . Propulsion 6 | 2 . 1 1 2 Treads 6 | 2 . 1 1 2 Leg . | . . . . . Wheel . | . . . . . Hover . | . . . . . Flight . | . . . . . Utility 6 | 1 1 2 2 . Device 1 | . 1 . . . Storage 2 | 1 . 1 . . Processor 1 | . . . 1 . Hackware . | . . . . . Protection 2 | . . 1 1 . Artifact . | . . . . . Weapon 4 | 2 . . 2 . Energy Gun . | . . . . . Energy Cannon . | . . . . . Ballistic Gun 2 | 2 . . . . Ballistic Cannon 1 | . . . 1 . Launcher 1 | . . . 1 . Special Weapon . | . . . . . Impact Weapon . | . . . . . Slashing Weapon . | . . . . . Piercing Weapon . | . . . . . Special Melee Weapon . | . . . . . Unidentified Prototypes . | . . . . . Parts Lost 2 | . . 1 1 . Power . | . . . . . Propulsion . | . . . . . Utility 1 | . . . 1 . Weapon 1 | . . 1 . . Highest Loss Streak 1 | . . 1 1 . To Critical Strikes . | . . . . . Average Slot Usage (%) 92 | . 94 86 99 90 Engine 11 | . 14 11 11 9 Treads 24 | . 28 22 22 27 Device 10 | . 8 11 11 9 Storage 11 | . 14 11 11 9 Processor 3 | . . . 10 9 Protection 6 | . . 9 11 9 Ballistic Gun 17 | . 28 22 5 . Ballistic Cannon 3 | . . . 10 9 Launcher 2 | . . . 5 9 Peak Build Rating 13 | 6 7 9 12 13 Average Rating 8 | 4 6 8 11 13 On Entrance 6 | . 6 7 8 12 Naked Turns . | . . . . . Heaviest Build 35 | 13 14 30 31 35 Greatest Support 60 | 40 40 40 40 60 Greatest Overweight (x) . | . . . . . Average Overweight (x) . | . . . . . Largest Inventory Capacity 15 | 8 8 15 15 15 Average Capacity 11 | 6 8 13 15 15 Most Carried 11 | 1 2 11 11 7 Average Carried 5 | . 1 6 8 6 Final Capacity 15 | 8 8 15 15 15 Final Carried 11 | 1 2 11 8 6 Class Distribution -------------------- 95% | Mutant 4% | Scavenger-Mutant Dominant Class ---------------- Mutant | -10/Materials Mutant | -9/Materials Mutant | -9/Mines Scavenger-Mutant | -8/Materials Resources | -11 -10 -9 -9 -8 ----------- Run | Yrd Mat Mat Min Mat Matter Collected 566 | 207 110 141 108 . Remotely . | . . . . . Salvage Created 504 | . 123 276 105 . Parts 57 | . 20 21 16 . Haulers Intercepted 1 | . . 1 . . Recyclers Shooed 2 | . 2 . . . Parts Field Recycled . | . . . . . Retrieved Matter . | . . . . . Parts Self-Destructed . | . . . . . Prevented . | . . . . . Kills | -11 -10 -9 -9 -8 ------- Run | Yrd Mat Mat Min Mat Combat Hostiles Destroyed 22 | . 7 5 10 . Melee 1 | . . . 1 . Guns 13 | . 7 5 1 . Cannons 1 | . . . 1 . AOE 7 | . . . 7 . Classes Destroyed 6 | . 2 2 2 . Tunneler 1 | . . . 1 . Hauler 1 | . . 1 . . Swarmer 13 | . 6 . 7 . Grunt 5 | . 1 2 2 . Duelist 1 | . . . 1 . Sentry 3 | . . 3 . . Best Kill Streak 5 | . 3 2 5 . Combat Bots Only 5 | . 3 2 5 . Max Kills in Single Turn 3 | . 1 1 3 . Gunslinging . | . . . . . Exploded 3 | . . . 3 . Melee 1 | . . . 1 . Uniques/NPCs Destroyed . | . . . . . Combat | -11 -10 -9 -9 -8 -------- Run | Yrd Mat Mat Min Mat Hostile Shots Fired 97 | . 23 41 32 1 Missed 36 | . 4 16 16 . Damage Taken 750 | . 153 314 266 17 Core 142 | . 30 39 73 . Absorbed by Shields . | . . . . . Core Remaining (%) 86 | 100 88 . 72 . Volleys Fired 56 | . 16 24 14 2 Largest 2 | . 2 2 2 1 Hottest 55 | . 40 40 55 35 Shots Fired 106 | . 32 48 24 2 Gun 90 | . 32 48 10 . Cannon 12 | . . . 10 2 Launcher 4 | . . . 4 . Special . | . . . . . Kinetic 102 | . 32 48 20 2 Thermal . | . . . . . Explosive 4 | . . . 4 . Electromagnetic . | . . . . . Robot Hit Streak 8 | . 3 8 8 1 Robot Miss Streak 6 | . 6 2 4 5 Penetration Max . | . . . . . Secondary Targets 1 | . 1 . . . Max Gunslinging Chain 1 | . 1 . . . Shots Hit Robots 64 | . 15 33 15 1 Core Hits 31 | . 10 12 9 . Critical Kills . | . . . . . Critical Parts Destroyed . | . . . . . Critical Strikes 1 | . . . 1 . Blast 1 | . . . 1 . Melee Attacks . | . . . . . Impact . | . . . . . Slashing . | . . . . . Piercing . | . . . . . Sneak Attacks . | . . . . . Combat Hostiles . | . . . . . Follow-up Attacks . | . . . . . Damage Inflicted 1126 | . 162 362 584 18 Guns 559 | . 160 345 54 . Cannons 160 | . . . 142 18 Explosions 364 | . . . 364 . Melee . | . . . . . Ramming 43 | . 2 17 24 . Kinetic 719 | . 160 345 196 18 Thermal . | . . . . . Explosive 364 | . . . 364 . Electromagnetic . | . . . . . Impact . | . . . . . Slashing . | . . . . . Piercing . | . . . . . Highest Corruption . | . . . . . Average Corruption . | . . . . . Corruption Purged . | . . . . . Corruption Blocked . | . . . . . Overload Shots . | . . . . . Overflow Damage 28 | . . . 28 . Projectiles . | . . . . . Explosions 21 | . . . 21 . Melee 7 | . . . 7 . Knockbacks 3 | . . . 3 . Impact . | . . . . . Kinetic 3 | . . . 3 . Secondary . | . . . . . Self-Inflicted Damage 41 | . . . 41 . Shots 2 | . . . 2 . Rammed 10 | . 2 6 2 . Targets Rammed 11 | . 2 6 3 . Kicked . | . . . . . Crushed 1 | . . . 1 . Highest Temperature 40 | . 12 9 40 4 Average Temperature 13 | . 9 7 15 4 Received Heat Transfer 195 | . 18 114 54 9 Siege Activations . | . . . . . Robots Corrupted 1 | . . . 1 . Combat Hostiles . | . . . . . Parts Fried 2 | . . . 2 . Impact Corruptions 1 | . . . 1 . Robots Melted . | . . . . . Combat Hostiles . | . . . . . Parts Melted . | . . . . . Heat Transferred . | . . . . . Parts Sabotaged . | . . . . . Parts Stolen . | . . . . . Parts Stripped . | . . . . . Power Chain Reactions . | . . . . . Alert | -11 -10 -9 -9 -8 ------- Run | Yrd Mat Mat Min Mat Peak Influence 352 | . 240 352 299 128 Initial 128 | . . 101 55 128 Average 138 | . 88 214 138 128 Maximum Alert Level 1 | . 1 1 1 . Low Security (%) 80 | 100 87 53 94 100 Level 1 19 | . 12 46 5 . Level 2 . | . . . . . Level 3 . | . . . . . Level 4 . | . . . . . Level 5 . | . . . . . High Security . | . . . . . Max Security . | . . . . . Squads Dispatched 6 | . 1 3 1 1 Investigation 2 | . . 1 1 . Extermination . | . . . . . Reinforcement 4 | . 1 2 . 1 Assault . | . . . . . Garrison . | . . . . . Intercept . | . . . . . Searches Triggered . | . . . . . Construction Impeded . | . . . . . Haulers Reinforced . | . . . . . Active Scanning Responses . | . . . . . Cargo Convoy Interrupts . | . . . . . Stealth | -11 -10 -9 -9 -8 --------- Run | Yrd Mat Mat Min Mat Distress Signals 1 | . . . . 1 Communications Jammed . | . . . . . Distress Signals . | . . . . . Times Spotted 35 | . 11 10 12 2 Peak Tracking Total 4 | . 3 3 4 2 Tactical Retreats . | . . . . . Traps | -11 -10 -9 -9 -8 ------- Run | Yrd Mat Mat Min Mat Traps Triggered 1 | . . 1 . . Indirectly . | . . . . . Trap Hack Attempts . | . . . . . Triggered . | . . . . . Disarmed . | . . . . . Reprogrammed . | . . . . . Reused . | . . . . . Traps Extracted . | . . . . . Installed . | . . . . . Triggered . | . . . . . Machines | -11 -10 -9 -9 -8 ---------- Run | Yrd Mat Mat Min Mat Machines Disabled 1 | . 1 . . . Max in Single Turn 1 | . 1 . . . Machines Repaired . | . . . . . Machines Dismantled . | . . . . . Machines Sabotaged . | . . . . . Overloaded Fab Kills . | . . . . . Hacking | -11 -10 -9 -9 -8 --------- Run | Yrd Mat Mat Min Mat Machines Accessed 6 | . 3 2 1 . Terminals 6 | . 3 2 1 . Fabricators . | . . . . . Repair Stations . | . . . . . Recycling Units . | . . . . . Scanalyzers . | . . . . . Garrison Access . | . . . . . Total Hacks 13 | . 8 3 2 . Successful 5 | . 4 1 . . Failed 8 | . 4 2 2 . Catastrophic 3 | . 1 . 2 . Database Lockouts . | . . . . . Manual 6 | . 4 . 2 . Terminals 13 | . 8 3 2 . Fabricators . | . . . . . Repair Stations . | . . . . . Recycling Units . | . . . . . Scanalyzers . | . . . . . Garrison Access . | . . . . . Terminal Hacks 2 | . 1 1 . . Emergency Access Points 1 | . . 1 . . Registered Components 1 | . 1 . . . Fabricator Hacks . | . . . . . Repair Station Hacks . | . . . . . Recycling Unit Hacks . | . . . . . Scanalyzer . | . . . . . Garrison Access Hacks . | . . . . . Unauthorized Hacks 3 | . 3 . . . Terminals 3 | . 3 . . . Botnet 2 | . 2 . . . Operators 1 | . 1 . . . Fabricators . | . . . . . Repair Stations . | . . . . . Recycling Units . | . . . . . Scanalyzers . | . . . . . Garrison Access . | . . . . . Data Cores Recovered . | . . . . . Used . | . . . . . Hacking Detections 4 | . 2 1 1 . Full Trace Events 1 | . . . 1 . Feedback Events . | . . . . . Feedback Blocked . | . . . . . Robot Schematics Acquired . | . . . . . Robots Built . | . . . . . Authchips . | . . . . . Time . | . . . . . Total Robot Build Rating . | . . . . . Part Schematics Acquired . | . . . . . Parts Built . | . . . . . Authchips . | . . . . . Time . | . . . . . Total Part Build Rating . | . . . . . Parts Repaired . | . . . . . Time . | . . . . . Parts Recycled . | . . . . . Recycled Matter . | . . . . . Retrieved Matter . | . . . . . Retrieved Components . | . . . . . Parts Scanalyzed . | . . . . . Part Schematics Acquired . | . . . . . Parts Damaged . | . . . . . Bothacking | -11 -10 -9 -9 -8 ------------ Run | Yrd Mat Mat Min Mat Used RIF Installer . | . . . . . Robots Hacked . | . . . . . Non-combat . | . . . . . Combat . | . . . . . Robot Hacks Applied . | . . . . . Relay Couplers Released . | . . . . . Fabnet Peak Effective % . | . . . . . Robots Rewired . | . . . . . Allies Hacked . | . . . . . Hacks Repelled . | . . . . . Allies | -11 -10 -9 -9 -8 -------- Run | Yrd Mat Mat Min Mat Total Allies . | . . . . . Largest Group . | . . . . . Highest-Rated Group . | . . . . . Highest-Rated Ally . | . . . . . Total Orders . | . . . . . Ally Attacks . | . . . . . Total Damage . | . . . . . Kills . | . . . . . Allies Corrupted . | . . . . . Allies Melted . | . . . . . Intel | -11 -10 -9 -9 -8 ------- Run | Yrd Mat Mat Min Mat Robot Analysis Total . | . . . . . Derelict Logs Recovered 2 | . . . 2 . Drone Launches . | . . . . . Drone Recoveries . | . . . . . Exploration | -11 -10 -9 -9 -8 ------------- Run | Yrd Mat Mat Min Mat Turns Passed 1342 | 89 380 425 358 90 Spaces Moved 678 | 54 194 192 192 46 Core 6 | 6 . . . . Treads 672 | 48 194 192 192 46 Legs . | . . . . . Wheels . | . . . . . Hover . | . . . . . Flight . | . . . . . Fastest Speed 50 | 50 160 160 160 160 Average Speed 159 | 147 160 160 160 160 Slowest Speed 160 | 160 160 160 160 160 Overloaded Moves . | . . . . . Propulsion Burnouts . | . . . . . Robots Hopped . | . . . . . Cave-ins Triggered . | . . . . . Exploration Rate (%) 29 | 4 44 24 63 11 Regions Visited 4 Branch Regions 1 Pre-discovered Areas 1 | . . . 1 . Known Exits Taken . | . . . . . Unknown Exits Taken 4 | 1 1 1 1 . Scrap Searched . | . . . . . Spaces Dug . | . . . . . Terrain Destroyed 34 | . . . 34 . Melee . | . . . . . Projectile . | . . . . . AOE 34 | . . . 34 . Terrain Rammed . | . . . . . Walls Destroyed . | . . . . . Machines Disabled . | . . . . . Actions | -11 -10 -9 -9 -8 --------- Run | Yrd Mat Mat Min Mat Total 833 | 60 233 262 219 59 Wait 55 | . 19 29 . 7 Move 675 | 53 193 191 192 46 Hop . | . . . . . Pick Up 12 | 1 1 8 2 . Fast Attach 10 | 6 1 2 1 . Attach 3 | . . . 2 1 Detach . | . . . . . Swap 7 | . 1 1 3 2 Drop 5 | . . 1 3 1 Fire 56 | . 16 24 14 2 Melee . | . . . . . Ram . | . . . . . Kick . | . . . . . Crush 10 | . 2 6 2 . Escape Stasis . | . . . . . Rewire . | . . . . . Trap . | . . . . . Miscellaneous . | . . . . . Route ------- -11/Scrapyard -10/Materials -9/Materials (discovered 2 exits: [*Mat] / *Min) -9/Mines -8/Materials (discovered 1 exit: Fac) History --------- Turn | Location | Event 3 | -11/Scrapyard | Discovered new exit (range 16) 90 | -11/Scrapyard | Entered Materials 303 | -10/Materials | Discovered new exit (range 15) 306 | -10/Materials | Build established: Mutant 470 | -10/Materials | Entered another Materials area 470 | -9/Materials | Evolved 2 slots: Utility x2 704 | -9/Materials | Discovered new exit (range 3) 888 | -9/Materials | Discovered new exit (range 5) 895 | -9/Materials | Entered Mines 1181 | -9/Mines | Learned location of Storage (-9) 1228 | -9/Mines | Discovered new exit (range 13) 1253 | -9/Mines | Entered Materials 1253 | -8/Materials | Evolved 2 slots: Propulsion x1, Utility x1 1254 | -8/Materials | Identified exit to Factory 1343 | -8/Materials | Self-destructed Last Messages --------------- 01228_ EXIT=FOUND 01233_ S-10 Pest destroyed. 01235_ Destroyed Lgt. Ion Engine. 01235_ S-10 Pest destroyed. 01236_ The unstable cave ceiling collapses. 01252_ Connecting with Terminal... 01252_ Current location identified: Mines 01252_ ALERT: Suspicious activity at Terminal M001. Dispatching Investigation squad. 01253_ Crushed G-34 Mercenary. 01253_ G-34 Mercenary destroyed. PARAMETERS=PROPULSION+1,UTILITY+1 LOCATION=UNKNOWN GOAL=ESCAPE Loading 1 Factory entrance... 01288_ Dropped Lgt. Treads. 01319_ O-16 Technician: "IFF HANDSHAKE FAILED. SECURING TERMINAL." 01320_ O-16 Technician sends out distress signal. 01330_ ALERT: Hostiles spotted, dispatching reinforcements to Terminal M006. Map ----- +----------------------------------------------------+ | | | | | | | | | ?????????????????????????????????????????????????? | | ?????????????????????????????????????????????????? | | ?????????????????????????????????????????????????? | | ?????????????????????????????????????????????????? | | ???????????????????????????????????????########### | | ???????????????????????????????????????########### | | ???????????????????????????????????????## """ """ | | ???????????????????????????????????????## """ """ | | ??????????????????????################### """ """ | | ??????????????????????################### | | ??????????????????????## =+ | | ??????????????????????## ################ | | ??????????????????????## ################ | | | ?????????? ############# ################ | | ?????????? ############# ####################+#### | | ????????? | | ????????? ! | | ????????? | | ?????????? ############# ###### ############! | | ?????????? ############# ###### ### # "" | | ??????????????????######g#####? ##???????? # "" | | ??????????????????##! @ ##???????????? + "" | | ??????????????????## """ ##???????????? # | | ??????????????????## ! "T" ##???????????? # | | ??????????????????## ##???????????? # | | ??????????????????## ##???????????? # ### | | ??????????????????## """ = ##???????????? # # | | ??????????????????## """ ##???????????? # # ? | | ??????????????????## """ ##????????????## ??? | | ??????????????????## ##???????????? # ??? | | ??????????????????######+#####???????????? # ??? | | ?????????????????? ???????????????????? | | ?????????H???????????????????????????????????????? | | ?????????????????????????????????????????????????? | | ?????????????????????????????????????????????????? | | ?????????????????????????????????????????????????? | | ?????????????????????????????????????????????????? | | ?????????????????????????????????????????????????? | | ?????????????????????????????????????????????????? | | ?????????????????????????????????????????????????? | | ?????????????????????????????????????????????????? | | ?????????????????????????????????????????????????? | | ?????????????????????????????????????????????????? | | ?????????????????????????????????????????????????? | | ?????????????????????????????????????????????????? | | ?????????????????????????????????????????????????? | +----------------------------------------------------+ Best States ------------- Heat Dissipation 31 Energy Generation 12 Energy Capacity 265 Matter Stores 300 Matter Capacity 300 Sight Range 16 Terrain Scan Density 10 Armor Coverage 150 Evasion (%) 40 Targeting Accuracy 6 Recoil Reduction 3 Item Schematics ----------------- None Robot Schematics ------------------ None Fabricated ------------ Nothing Alien Tech Used ----------------- None Achievements -------------- None Challenges ------------ None Game ------ Seed FissionFluxBallwheel Manual? 0 Play Time 00:09:23 Cumulative 61.5 hours Start 2025.05.04 @ 13:21:59 End 2025.05.04 @ 16:16:55 Sessions 2 Manual Loads 0 Difficulty Rogue Special Mode None Game No. 72 Rogue 71 Adventurer 1 Explorer 0 Win Type - Total 1 Types 1/0/0/0/0/0/0/0/0 Lore% 39 Gallery% 46 Achievement% 42 Wizard Run 0 Options --------- Layout 0 ASCII 0 Keyboard 0 Movement Numpad Keybinds 0 Fullscreen 1 Font 18/SmallcapsGlow Map View 76x50 Zoom Use 0% Tactical HUD 1 Map Filters NONE Filters NONE Steam 1 RUN: fdf198c2-16f8-44da-a340-6dde9ae4aa66